 Dungeon Crawl Stone Soup version 0.32-a0-898-g7811c86cf0 (webtiles) character file.

Game seed: 15060157287506777295

165 GiantSquids the Chopper (level 5, -10/45 HPs)
             Began as a Mountain Dwarf Fighter on Apr 5, 2024.
             Killed by divine providence
             ... invoked by an orc priest
              (11 damage)
             ... on level 4 of the Dungeon.
             The game lasted 00:03:37 (2414 turns).

GiantSquids the Chopper (Mountain Dwarf Fighter)    Turns: 2414, Time: 00:03:38

Health: -10/45     AC:  9    Str: 21    XL:     5   Next: 21%
Magic:  5/5        EV:  8    Int:  8    God:
Gold:   210        SH:  4    Dex:  9    Spells: 4/4 levels left

rFire   . . .        a - +0 war axe
rCold   . . .        c - +0 buckler
rNeg    . . .        b - +0 scale mail
rPois   .            (no helmet)
rElec   .            n - +0 cloak
rCorr   .            q - +0 pair of gloves
SInv    .            (no boots)
Will    .....        (no amulet) Stlth
                     (no ring)
HPRegen 0.27/turn    (no ring)
MPRegen 0.09/turn

%: no passive effects
@: no status effects
A: runic magic, artefact enchanting
a: Convert to Beogh


You were on level 4 of the Dungeon.
You visited 1 branch of the dungeon, and saw 4 of its levels.

You collected 210 gold pieces.

Inventory:

Hand Weapons
 a - a +0 war axe (weapon)
Missiles
 j - 3 boomerangs (quivered)
Armour
 b - a +0 scale mail (worn)
 c - a +0 buckler (worn)
 n - a +0 cloak (worn)
 q - a +0 pair of gloves (worn)
Scrolls
 f - a scroll of enchant weapon {unknown}
 g - a scroll of teleportation {unknown}
 h - 2 scrolls of immolation {unknown}
 i - a scroll of acquirement {unknown}
 m - a scroll of amnesia {unknown}
 o - 4 scrolls of identify {unknown}
Potions
 d - a potion of might
 e - 2 potions of brilliance {unknown}
 k - a potion of haste {unknown}
 l - 3 potions of curing {unknown}
 p - a potion of ambrosia {unknown}


   Skills:
 - Level 3.2 Fighting
 + Level 6.6 Axes
 - Level 3.2 Armour
 - Level 3.2 Shields


You had 4 spell levels left.
You didn't know any spells.
Your spell library was empty.

Dungeon Overview and Level Annotations

Branches:
Dungeon (4/15)
 Temple: D:4-7

Altars:

Shops:
D:3 (*[=*


Innate Abilities, Weirdness & Mutations

Your spellcasting is much less encumbered by armour.
You can use scrolls of enchantment on lesser artefacts.


Message History

You barely miss the orc priest.
The orc priest is severely wounded.
The orc priest shouts, "The Pantheon deserves no one's loyalty.
Let us show you the true path!"
You hit the orc wizard but do no damage.
The orc priest hits you but does no damage.
The orc wizard hits you but does no damage.
You closely miss the orc priest.
The orc priest is severely wounded.
The orc priest shouts, "Beogh offers mercy even to people such as you.
Join us and be reborn!"
You hit the orc wizard. You hit the orc. You barely miss the orc priest.
A howler monkey comes into view.
The orc priest invokes the aid of Beogh against you.
Beogh smites you!
* * * LOW HITPOINT WARNING * * *
The orc hits you but does no damage. The orc priest closely misses you.
The orc wizard hits you but does no damage.
You barely miss the orc priest.
The orc priest is severely wounded.
The orc priest shouts, "The Pantheon deserves no one's loyalty.
Let us show you the true path!"
You hit the orc but do no damage. You slash the orc priest!
You hit the orc wizard but do no damage.
The orc priest shouts, "Surrender to Beogh and we'll let you live!"
The howler monkey hoots and howls with incredible vigour!
The orc priest hits you with a +0 dagger.
* * * LOW HITPOINT WARNING * * *
The orc hits you but does no damage. The orc priest hits you with a +0 mace.
* * * LOW HITPOINT WARNING * * *
The orc wizard hits you with a +0 dagger.
* * * LOW HITPOINT WARNING * * *
You hear a shout!
You barely miss the orc priest.
The orc priest is severely wounded.
You slash the orc!
You kill the orc!
You barely miss the orc priest.
The orc priest shouts, "Surrender to Beogh and we'll let you live!"
You hit the orc wizard.
The orc priest calls down the wrath of Beogh upon you.
Beogh smites you!
You die...

<...... #...##.....#....<
...#.#..!##....###.##.##..##
...#...#.....#.###.##......#
#.................##....
........##.###.##....##.
........##.#...#####....
.........#.#.### ###..
......).†#...## #....#
.h....o@).....##..>.####
......oo.........##
..............####
.....!.....>..#
.#............#
######(......# ##......#
#......#


You could see a howler monkey (catching breath), 2 orc priests and an orc
wizard.

Vanquished Creatures
  An orc priest (D:3)
  4 adders
  A white imp (D:4)
  A dart slug (D:1)
  3 ribbon worms
  7 orcs
  5 bats
  7 endoplasms
  4 giant cockroaches
  7 goblins
  6 hobgoblins
  2 jackals (D:2)
  4 kobolds
  3 quokkas
  12 ball pythons
  5 frilled lizards
  2 rats
74 creatures vanquished.

Notes
Turn   | Place    | Note
-------+----------+-------------------------------------------
     0 | D:1      | GiantSquids the Mountain Dwarf Fighter began the quest for
                  | the Orb.
     0 | D:1      | Reached XP level 1. HP: 19/19 MP: 1/1
   183 | D:1      | Reached skill level 3 in Axes
   210 | D:1      | Reached XP level 2. HP: 14/26 MP: 2/2
   443 | D:1      | Reached skill level 4 in Axes
   850 | D:2      | Reached XP level 3. HP: 31/31 MP: 3/3
  1126 | D:2      | Reached skill level 5 in Axes
  1165 | D:2      | Reached XP level 4. HP: 32/38 MP: 4/4
  1709 | D:3      | Reached skill level 6 in Axes
  1865 | D:3      | Found Naaxor's Armour Shoppe.
  1865 | D:3      | Found Zonepp's Assorted Antiques.
  1959 | D:3      | Reached XP level 5. HP: 41/45 MP: 5/5
  2005 | D:3      | Found Okkoagats's Jewellery Shoppe.
  2082 | D:3      | Found Ruvathronu's General Store.
  2103 | D:3      | Found Dyufit's Weapon Shop.
  2413 | D:4      | HP: 2/45 [orc priest/+0 mace (5)]
  2414 | D:4      | Killed from afar by an orc priest

Illustrated notes

Levels and vault maps discovered:
D:1:      ebering_hopf_link, layout_basic
D:2:      layout_loops_ring
D:3:      layout_rooms, serial_shops, shop, nicolae_shop_back_alley_shop,
          shop_fountains, shop, shop
D:4:      layout_rooms, uniq_eustachio

Skill      XL: |  1  2  3  4 |
---------------+-------------+-----
Axes           | 3 4 5 6 |  6.6
Fighting       | |  3.2
Armour         | |  3.2
Shields        | |  3.2

Action                     |  1- 3 |  4- 6 || total
---------------------------+-------+-------++-------
  Melee: War axe           |   119 |    90 ||   209
 Armour: Scale mail        |   136 |    68 ||   204
  Dodge: Dodged            |    55 |    34 ||    89
  Block: Buckler           |    24 |    17 ||    41

Table legend: (Time is in decaauts)
 A = Elapsed time spent in this place.
 B = Non-inter-level travel time spent in this place.
 C = Inter-level travel time spent in this place.
 D = Time resting spent in this place.
 E = Time spent auto-exploring this place.
 F = Levels seen in this place.
 G = Mean time per level.
                   A        B        C        D        E       F      G
               +--------+--------+--------+--------+--------+-----+--------+
         Total |   2474 |   2411 |     63 |     64 |   1823 |   4 |  618.5 |
       Dungeon |   2474 |   2411 |     63 |     64 |   1823 |   4 |  618.5 |
               +--------+--------+--------+--------+--------+-----+--------+

Top non-repeatable levels by time:
     D:1: 870 daAuts
     D:2: 861 daAuts
     D:3: 539 daAuts
     D:4: 203 daAuts
